 Dungeon Crawl Stone Soup version 0.21-a0-135-g8dc100c (webtiles) character file.

803 Musica the Cudgeler (level 7, 0/56 HPs)
             Began as a Demonspawn Abyssal Knight on July 17, 2017.
             Was a Believer of Lugonu.
             Slain by a wolf (6 damage)
             ... on level 4 of the Dungeon.
             The game lasted 00:12:23 (5246 turns).

Musica the Cudgeler (Demonspawn Abyssal Knight)     Turns: 5246, Time: 00:12:24

Health: 0/56       AC:  4    Str: 12    XL:     7   Next: 59%
Magic:  9/9        EV: 11    Int: 14    God:    Lugonu [**....]
Gold:   204        SH:  0    Dex: 14    Spells: 6/6 levels left

rFire    . . .     SeeInvis .   a - +1 mace
rCold    . . .     Gourm    .   (no shield)
rNeg     + . .     Faith    .   b - +1 leather armour
rPois    .         Spirit   .   (no helmet)
rElec    .         Reflect  .   (no cloak)
rCorr    .         Harm     .   (no gloves)
MR       .....                  (no boots)
Stlth    +.........             (no amulet)
HPRegen  0.18/turn              u - ring of positive energy
MPRegen  0.11/turn              f - ring of loudness (curse)

@: lethally poisoned (0 -> -2)
A: claws 2, nightstalker 1
a: Depart the Abyss, Bend Space, Renounce Religion


You were on level 4 of the Dungeon.
You worshipped Lugonu.
Lugonu was pleased with you.
You were hungry.

You visited 1 branch of the dungeon, and saw 5 of its levels.
You visited the Abyss 1 time.

You collected 204 gold pieces.

Inventory:

Hand Weapons
 a - a +1 mace (weapon)
 g - a +0 blowgun
Missiles
 d - 65 arrows
 j - a throwing net (quivered)
 p - 9 poisoned needles
 r - 17 sling bullets
 v - 16 bolts
 D - 3 tomahawks
Armour
 b - a +1 leather armour (worn)
Jewellery
 f - a cursed ring of loudness (right claw)
 h - a cursed ring of loudness
 q - an uncursed ring of fire
 u - a ring of positive energy (left claw)
 w - an uncursed ring of fire
Wands
 e - a wand of polymorph (6/24)
 n - a wand of disintegration (11/24)
 t - a wand of paralysis (6/24)
 y - a wand of polymorph (12/24)
Scrolls
 i - a scroll of recharging {unknown}
 l - 7 scrolls of identify
 m - 2 scrolls of fog {unknown}
 s - a scroll of amnesia {unknown}
 z - a scroll of random uselessness {unknown}
 B - a scroll of blinking {unknown}
Comestibles
 c - 3 bread rations
 C - a meat ration


   Skills:
 + Level 5.6 Fighting
 + Level 6.6 Maces & Flails
 - Level 1.7 Armour
 - Level 0.8 Dodging
 + Level 2.9 Invocations


You had 6 spell levels left.
You didn't know any spells.

Dungeon Overview and Level Annotations

Branches:
Dungeon (5/15)
 Temple: D:4-7

Altars:


Innate Abilities, Weirdness & Mutations

You have very sharp fingernails.
You are slightly more attuned to the shadows.


Message History

The worker ant is moderately wounded.
The worker ant bites you!
The orc hits you from afar with a trident.
You feel sick. The worker ant bites you.
You feel sick.
Evoke which item? (* to show all) (? for menu, Esc to quit)
Aiming: Polymorph (will waste charges)
Press: ? - help, Shift-Dir - straight line, f - worker ant
Aim: a worker ant (moderately wounded, chance to defeat MR: 54%)
The worker ant evaporates and reforms as a wolf!
Evoking this partially-identified wand wasted a few charges.
The wolf bites you!
* * * LOW HITPOINT WARNING * * *
You barely miss the wolf.
The wolf is lightly wounded.
The wolf bites you!
* * * LOW HITPOINT WARNING * * *
The orc hits you but does no damage. The wolf barely misses you.
The wolf bites you.
You die...

#.#.# #####)#[###.##
#.....#......#
...####.############
#.........# .o.o#
#######..######
.o..#
..............#
....#
#############.#
....# #o.goh@...#
...# #.#########
###.#######.#
).....>(..g.#
#.....(...###
##........#
#........#
##.......# #.......#


You could see a wolf, 2 orcs and a goblin.

Vanquished Creatures
  Grinder (D:3)
  A hungry ghost (D:4)
  A howler monkey (D:4)
  A crimson imp (D:3)
  A bullfrog skeleton (D:4)
  Jessica (D:3)
  Natasha (thrice) (D:3)
  An orc wizard (D:4)
  3 worker ants
  A gnoll (D:4)
  7 adders
  A worm (D:3)
  5 dart slugs
  4 leopard geckos
  8 orcs
  A ball python (D:1)
  2 giant cockroaches (D:1)
  5 goblins (D:1)
  7 hobgoblins
  7 jackals
  6 kobolds
  3 quokkas
  11 bats
  5 frilled lizards
  8 rats
94 creatures vanquished.

Notes
Turn   | Place    | Note
-------+----------+-------------------------------------------
     0 | Abyss:1  | Musica the Demonspawn Abyssal Knight began the quest for the Orb.
     0 | Abyss:1  | Reached XP level 1. HP: 18/18 MP: 2/2
    35 | Abyss:1  | Noticed a chaos spawn
    96 | Abyss:1  | Noticed a ynoxinul
    99 | Abyss:1  | Noticed a flying skull
   101 | D:1      | Escaped the Abyss
   269 | D:1      | Gained mutation: You are slightly more attuned to the shadows. [demonic ancestry]
   269 | D:1      | Reached XP level 2. HP: 10/24 MP: 3/3
   452 | D:1      | Reached skill level 2 in Maces & Flails
   466 | D:1      | Reached * piety under Lugonu
   723 | D:2      | Reached XP level 3. HP: 21/30 MP: 4/4
  1028 | D:2      | Found a faded altar of an unknown god.
  1838 | D:2      | Gained mutation: You have sharp fingernails. [demonic ancestry]
  1838 | D:2      | Reached XP level 4. HP: 35/37 MP: 6/6
  2169 | D:3      | Noticed Grinder
  2169 | D:3      | Paralysed by Grinder for 2 turns
  2183 | D:3      | Paralysed by Grinder for 3 turns
  2198 | D:3      | Paralysed by Grinder for 3 turns
  2206 | D:3      | Killed Grinder
  2206 | D:3      | Reached skill level 4 in Maces & Flails
  2206 | D:3      | Gained mutation: You have very sharp fingernails. [demonic ancestry]
  2206 | D:3      | Reached XP level 5. HP: 19/43 MP: 7/7
  2206 | D:3      | Reached XP level 6. HP: 21/49 MP: 8/8
  2245 | D:3      | Noticed Jessica
  2559 | D:3      | Killed Jessica
  2569 | D:3      | Reached ** piety under Lugonu
  2646 | D:3      | Noticed Natasha
  2671 | D:3      | Killed Natasha
  3029 | D:3      | Reached skill level 5 in Fighting
  3103 | D:3      | Noticed Natasha
  3119 | D:3      | Killed Natasha
  3119 | D:3      | Reached skill level 5 in Maces & Flails
  3690 | D:3      | Noticed Natasha
  3696 | D:3      | Killed Natasha
  4278 | D:5      | Entered Level 5 of the Dungeon
  4290 | D:4      | Noticed a hungry ghost
  4315 | D:4      | Killed a hungry ghost
  4315 | D:4      | Reached skill level 6 in Maces & Flails
  4315 | D:4      | Reached XP level 7. HP: 26/56 MP: 9/9
  5246 | D:4      | Slain by a wolf

Vault maps used:
D:1:      dpeg_arrival_subterranean_lakeside_camping
D:2:      chequers_ecumenical_altar_island
D:3:      first_bread, uniq_natasha, uniq_jessica, uniq_grinder
D:4:      okawaru_altar_gauntlet_db, nicolae_dithmenos_the_darkroom,
          hangedman_decor_riveting, kennysheep_generic_room_6
D:5:      grunt_temple_overflow_gold_and_silver, elyvilon_altar_4,
          minmay_overflow_temple_star_quad, minmay_tree_intersection,
          grunt_gozag_breadcrumbs

Skill      XL: |  1  2  3  4  5  6 |
---------------+-------------------+-----
Maces & Flails | 2 4 6 |  6.6
Fighting       | 4 5 |  5.6
Armour         | |  1.7
Dodging        | |  0.8
Invocations    | |  2.9

Action                   |  1- 3 |  4- 6 |  7- 9 || total
-------------------------+-------+-------+-------++-------
Melee: Mace              |   129 |   206 |    85 ||   420
Invok: Depart the Abyss  |     1 |       |       ||     1
Evoke: Wand              |       |     5 |     1 ||     6
  Use: Potion            |       |     8 |     2 ||    10
       Scroll            |       |     5 |     1 ||     6
 Stab: Sleeping          |     5 |       |       ||     5
  Eat: Meat ration       |     1 |       |       ||     1
       Chunk             |       |     9 |       ||     9
       Bread ration      |       |       |     1 ||     1
Armor: Leather armour    |    70 |    44 |    15 ||   129
       Skin              |       |       |    26 ||    26
Dodge: Dodged            |   102 |   116 |    56 ||   274
